 Dungeon Crawl Stone Soup version 0.19.4-8-ga85b6b9 (console) character file.

96366 Napkin the Fighter (level 15, -2/124 HPs)
             Began as a Demonspawn Berserker on Feb 8, 2017.
             Was a High Priest of Trog.
             Slain by Nessos
             ... wielding a +0 war axe
              (5 damage)
             ... on level 13 of the Dungeon on Feb 9, 2017.
             The game lasted 03:39:57 (31780 turns).

Napkin the Fighter (Demonspawn Berserker)          Turns: 31780, Time: 03:39:57

Health: -2/124     AC: 26    Str: 22    XL:     15   Next: 69%
Magic:  0/5        EV:  8    Int:  9    God:    Trog [*****.]
Gold:   2182       SH:  7    Dex: 14    Spells: 0 memorised, 14 levels left

rFire  . . .     SeeInvis .     a - +4 broad axe (antimagic)
rCold  . . .     Gourm    .     k - +0 plate armour
rNeg   . . .     Faith    .     Z - +0 buckler
rPois  +         Spirit   +     (helmet restricted)
rElec  .         Reflect  .     n - +0 cloak
rCorr  .         Harm     .     l - +2 pair of gloves
MR     ++++.                    m - +1 pair of boots {Fly}
Stlth  ..........               A - amulet of guardian spirit
                                B - ring of poison resistance
                                C - ring of protection from magic

@: lethally poisoned (-2 -> -2), flying, very slightly contaminated,
regenerating, hasted, drained, very quick
A: horns 2, yellow scales 2, foul stench 1, powered by death 2, rot immunity
a: Berserk, Trog's Hand, Brothers in Arms, Burn Spellbooks, Renounce Religion,
Stop Flying


You were on level 13 of the Dungeon.
You worshipped Trog.
Trog was extremely pleased with you.
You were near starving.

You visited 4 branches of the dungeon, and saw 23 of its levels.
You also visited: Labyrinth and Ossuary.

You collected 2852 gold pieces.
You spent 670 gold pieces at shops.

Inventory:

Hand Weapons
 a - a +4 antimagic broad axe (weapon)
 b - the +5 hand axe of Onuahajo {freeze, Dex+4}
   (You found it on level 9 of the Dungeon)

   It has been specially enchanted to freeze those struck by it, causing extra
   injury to most foes and up to half again as much damage against particularly
   susceptible opponents.
   It can also slow down cold-blooded creatures.
   It affects your dexterity (+4).
 c - a +1 broad axe
 d - a +4 scimitar of flaming
Missiles
 x - 15 javelins (quivered)
 y - 5 steel tomahawks
 z - 41 tomahawks
Armour
 k - a +0 plate armour (worn)
 l - a +2 pair of gloves (worn)
 m - a +1 pair of boots of flying (worn)
 n - a +0 cloak (worn)
 Z - a +0 buckler (worn)
Jewellery
 A - an amulet of guardian spirit (around neck)
 B - a ring of poison resistance (right hand)
 C - a ring of protection from magic (left hand)
 E - an uncursed ring of protection from cold
 F - an uncursed ring of protection from fire
Wands
 j - a wand of acid (10/15)
 p - a wand of disintegration (24/24)
 G - a wand of lightning (11/15)
 J - a wand of iceblast (14/15)
 P - a wand of iceblast (15/15)
Scrolls
 e - 2 scrolls of magic mapping
 g - 2 scrolls of recharging
 o - 4 scrolls of remove curse {@r2}
 t - 2 scrolls of fear
 v - 8 scrolls of teleportation
 O - 5 scrolls of identify {@r1}
 S - 3 scrolls of blinking
Potions
 q - 2 potions of haste
 r - 2 potions of cancellation
 s - 6 potions of berserk rage
 u - 9 potions of curing
 w - 4 potions of cure mutation
 I - a potion of resistance
 Q - 2 potions of might
Comestibles
 h - 2 royal jellies
 i - 14 bread rations
 D - 3 fruits
 H - 8 meat rations


   Skills:
 * Level 13.3 Fighting
 * Level 12.7(12.6) Axes
 + Level 8.8 Throwing
 * Level 12.4 Armour
 - Level 3.0 Dodging
 * Level 12.4(12.3) Shields


You had 14 spell levels left.
You didn't know any spells.

Dungeon Overview and Level Annotations

Branches:
Dungeon (14/15)            Temple (1/1) D:4            Lair (6/6) D:10
 Shoals (0/4) Lair:4        Snake (0/4) Lair:3        Slime (0/5) Lair:5
    Orc (2/2) D:11            Elf (0/3) Orc:2        Vaults (0/5) D:13

Altars:
Ashenzari
Cheibriados
Dithmenos
Elyvilon
Fedhas
Gozag
Hepliaklqana
Makhleb
Nemelex Xobeh
Okawaru
Trog
Xom
Zin
Beogh

Shops:
D:10 *   Orc:2 =*[[%

Annotations:
D:13 exclusions: tormentor and 2 more exclusions, Nessos


Innate Abilities, Weirdness & Mutations

You have a pair of horns on your head.
You are mostly covered in yellow scales. (AC +3)
You may emit foul miasma when damaged in melee.
You regenerate health from kills.
You are immune to rotting.


Message History

Nessos is heavily wounded.
Nessos hits you but does no damage.
You closely miss Nessos. Your headbutt misses Nessos.
Nessos is heavily wounded.
You feel sick.
Nessos falters for a moment.
You slash Nessos!
Nessos's magic leaks into the air.
Your headbutt misses Nessos.
Nessos is almost dead.
Nessos barely misses you. Nessos hits you but does no damage.
You hit Nessos.
Nessos's magic leaks into the air.
You headbutt Nessos, but do no damage.
Nessos is almost dead.
You feel sick.
Nessos hits you with an uncursed war axe.
You die...

########## #........# #........#
#........# #### #........# ###...
########........# ####...#.
#########...#.c.........###....####
#.........#'#6##........#...####
#.....[......(###'######..###
#(............###§.(.###.##
#.............##...#...#.#
#.............##§.####.C.#
#.........#....c.>.....###
#.........###.#######h.#
#.............##.......#
#........##)...#.#####.#
#........##.##.#.#####.# #


You could see Nessos.

Vanquished Creatures
  A minotaur (Lab)
  Josephine (Orc:2)
  A vault guard (D:13)
  An ice dragon (Lair:6)
  6 hydras
  4 death knights (D:13)
  A centaur warrior (D:14)
  2 ogre magi (Orc:2)
  10 death yaks
  A tengu warrior (D:14)
  Urug (D:13)
  3 unseen horrors
  A skeletal warrior (D:13)
  2 deep trolls
  Pikel (D:9)
  2 lindwurms (Lair:6)
  8 hill giants
  3 deep elf magi
  2 orc knights (D:11)
  A wolf spider zombie (D:13)
  A wolf spider (Lair:6)
  10 ugly things
  2 cyclopes (Orc:2)
  A manticore (D:12)
  A black mamba (shapeshifter) (D:13)
  2 guardian serpents
  Maurice (D:12)
  11 elephants
  10 black mambas
  2 gargoyles (D:13)
  3 centaur skeletons
  6 torpor snails (Lair:6)
  14 spiny frogs
  An efreet (D:14)
  A rime drake (Lair:6)
  4 komodo dragons
  3 kobold demonologists
  8 trolls
  A polar bear (Lair:1)
  2 tengu conjurers
  22 blink frogs
  7 two-headed ogres
  3 tyrant leeches (Lair:6)
  11 slime creatures
  12 hornets
  11 hippogriffs
  A snapping turtle (Lair:4)
  A redback (Lair:6)
  A spriggan (D:10)
  13 wyverns
  3 basilisks
  6 wraiths
  56 yaks
  2 steam dragons
  A hungry ghost (D:13)
  A mottled dragon (D:14)
  3 wargs (Orc:2)
  A swamp worm (shapeshifter) (D:13)
  17 water moccasins
  4 porcupines
  2 ice beasts
  7 sky beasts
  2 phantoms
  2 black bears
  An eye of draining (shapeshifter) (D:13)
  10 orc warriors
  5 centaurs
  27 ogres
  12 wolves
  15 crocodiles
  A big kobold (D:11)
  12 bullfrogs
  5 scorpions
  2 killer bees (D:7)
  10 wights
  2 electric eels
  4 howler monkeys (D:8)
  6 crimson imps
  2 centaur zombies
  8 hounds
  8 jellies
  14 orc wizards
  10 orc priests
  A bullfrog skeleton (D:8)
  An iguana (D:8)
  21 worker ants
  A hound zombie (D:5)
  8 mummies (Ossuary)
  A howler monkey zombie (D:7)
  A worker ant zombie (D:8)
  25 adders
  2 howler monkey skeletons
  4 shadow imps
  An ooze (D:2)
  An adder skeleton (D:7)
  2 worms
  2 dart slugs
  5 leopard geckos
  83 orcs
  A ball python (D:4)
  14 giant cockroaches
  2 gnoll zombies (Ossuary)
  11 goblins
  11 hobgoblins
  9 jackals
  13 kobolds
  6 quokkas
  6 bats
  5 frilled lizards
  3 hobgoblin zombies (Ossuary)
  A jackal skeleton (D:8)
  3 kobold zombies (Ossuary)
  2 leopard gecko skeletons
  3 quokka skeletons
  2 quokka zombies
  4 rats
  A rat zombie (D:5)
  A butterfly (D:7)
  4 fungi
  2 plants
742 creatures vanquished.

Vanquished Creatures (collateral kills)
  Rupert (D:13)
  Agnes (D:14)
  Harold (Orc:1)
  3 ugly things (D:14)
  A centaur skeleton (D:13)
  A black bear (D:13)
  An ice beast (D:14)
  An ogre (D:14)
  A jelly (D:13)
  2 orc priests (Orc:1)
  2 orc wizards (Orc:1)
  An orc (Orc:1)
16 creatures vanquished.

Vanquished Creatures (others)
  2 slaves (D:9)
  A phantom (D:9)
  A scorpion (D:9)
  A centaur skeleton (D:9)
  2 worker ants (D:9)
  A leopard gecko (D:9)
  A bush (Lair:3)
  15 fungi
  37 plants
61 creatures vanquished.

Grand Total: 819 creatures vanquished

Notes
Turn   | Place    | Note
-------+----------+-------------------------------------------
     0 | D:1      | Napkin the Demonspawn Berserker began the quest for the Orb.
     0 | D:1      | Reached XP level 1. HP: 18/18 MP: 1/1
   150 | D:1      | Gained mutation: You regenerate a little health from kills. [demonic ancestry]
   150 | D:1      | Reached XP level 2. HP: 20/24 MP: 2/2
   490 | D:2      | Reached ** piety under Trog
   533 | D:2      | Reached XP level 3. HP: 20/29 MP: 3/3
   581 | D:2      | Found a shimmering altar of Xom.
   581 | D:2      | Found a shimmering altar of Xom.
   583 | D:2      | Found a shimmering altar of Xom.
   584 | D:2      | Found a shimmering altar of Xom.
   937 | D:2      | Found a shimmering altar of Xom.
   937 | D:2      | Found a shimmering altar of Xom.
   963 | D:2      | Found a burning altar of Makhleb.
   978 | D:2      | Reached XP level 4. HP: 29/37 MP: 4/4
  2039 | D:3      | Reached *** piety under Trog
  2045 | D:3      | Gained mutation: You are partially covered in yellow scales. (AC +2) [demonic ancestry]
  2045 | D:3      | Reached XP level 5. HP: 34/42 MP: 5/5
  2435 | D:3      | Found a snail-covered altar of Cheibriados.
  2529 | D:3      | Reached skill level 4 in Fighting
  2879 | D:4      | Found an opulent altar of Gozag.
  3240 | D:4      | Found a staircase to the Ecumenical Temple.
  3251 | Temple   | Entered the Ecumenical Temple
  3559 | D:4      | Gained mutation: You have a pair of small horns on your head. [demonic ancestry]
  3559 | D:4      | Reached XP level 6. HP: 41/48 MP: 6/6
  3585 | D:4      | Reached skill level 1 in Shields
  3792 | D:5      | Entered Level 5 of the Dungeon
  3861 | D:5      | Found a sand-covered staircase.
  3877 | Ossuary  | Entered an ossuary
  3926 | Ossuary  | Reached **** piety under Trog
  4354 | Ossuary  | Gained mutation: You regenerate health from kills. [demonic ancestry]
  4354 | Ossuary  | Reached XP level 7. HP: 39/55 MP: 7/7
  4777 | D:5      | Found a sparkling altar of Nemelex Xobeh.
  4893 | D:5      | Found a bloodstained altar of Trog.
  5140 | D:6      | Found a hazy altar of Hepliaklqana.
  5303 | D:6      | Reached skill level 5 in Fighting
  5303 | D:6      | Reached skill level 1 in Throwing
  5449 | D:6      | Reached skill level 5 in Axes
  5449 | D:6      | Reached XP level 8. HP: 48/62 MP: 8/8
  5625 | D:6      | Found an iron altar of Okawaru.
  5659 | D:6      | Found a white marble altar of Elyvilon.
  5936 | D:7      | Received a gift from Trog
  5991 | D:7      | Found a runed door.
  5995 | D:7      | Found a runed door.
  6036 | D:7      | Identified the Almanac of Icy Stones
  6250 | D:7      | Reached skill level 5 in Armour
  6371 | D:7      | Reached skill level 6 in Fighting
  7071 | D:7      | Reached ***** piety under Trog
  7368 | D:7      | Gained mutation: You are immune to rotting. [demonic ancestry]
  7368 | D:7      | Reached XP level 9. HP: 70/70 MP: 9/9
  7546 | D:8      | Found a shimmering altar of Xom.
  7546 | D:8      | Found a shattered altar of Ashenzari.
  7699 | D:8      | Received a gift from Trog
  7984 | D:8      | Reached skill level 5 in Shields
  8150 | D:8      | Reached skill level 7 in Fighting
  8811 | D:9      | Noticed Pikel
  8821 | D:9      | Killed Pikel
  8821 | D:9      | Reached XP level 10. HP: 79/79 MP: 10/10
  8879 | D:9      | Got a fine hand axe
  8880 | D:9      | Identified the +5 hand axe of Onuahajo {freeze, Dex+4} (You found it on level 9 of the Dungeon)
  9173 | D:9      | Received a gift from Trog
  9556 | D:10     | Entered Level 10 of the Dungeon
  9621 | D:10     | Killed an unseen horror
  9621 | D:10     | Reached skill level 8 in Fighting
  9647 | D:10     | Noticed a hill giant
  9656 | D:10     | Killed a hill giant
  9759 | D:10     | Found a staircase to the Lair.
 10029 | D:10     | Found Panuacw's Practical Paraphernalia.
 10082 | D:10     | Noticed a deep elf mage
 10109 | D:10     | HP: 5/123 [fire elemental[a deep elf mage] (12)]
 10112 | D:10     | Killed a deep elf mage
 10682 | Lair:1   | Entered Level 1 of the Lair of Beasts
 10718 | D:10     | Bought an uncursed ring of poison resistance for 280 gold pieces
 10769 | Lair:1   | Reached XP level 11. HP: 87/87 MP: 11/11
 11460 | Lair:1   | Found a blossoming altar of Fedhas.
 11845 | Lair:1   | Reached skill level 9 in Fighting
 12637 | Lair:2   | Reached skill level 5 in Throwing
 13171 | Lair:3   | Found a staircase to the Snake Pit.
 13244 | Lair:3   | Found a labyrinth entrance.
 13249 | Lab      | Entered a labyrinth
 15742 | Lab      | Noticed a minotaur
 15753 | Lab      | Killed a minotaur
 15871 | Lab      | Got a shimmering turquoise ring
 15889 | Lab      | Identified the ring "Qupoepa" {*Slow rPois MP+9 Str+2} (You found it in a labyrinth)
 15933 | Lair:3   | Noticed a seven-headed hydra
 15945 | Lair:3   | Killed a seven-headed hydra
 15945 | Lair:3   | Gained mutation: You are mostly covered in yellow scales. (AC +3) [demonic ancestry]
 15945 | Lair:3   | Reached XP level 12. HP: 94/97 MP: 12/12
 16257 | Lair:3   | Noticed a death yak
 16258 | Lair:3   | Noticed a death yak
 16258 | Lair:3   | Noticed a death yak
 16306 | Lair:3   | Killed a death yak
 16687 | Lair:3   | Reached skill level 10 in Fighting
 16811 | Lair:3   | Noticed a death yak
 16823 | Lair:3   | Killed a death yak
 17234 | Lair:3   | Killed a death yak
 17290 | Lair:3   | Killed a death yak
 18187 | Lair:4   | Received a gift from Trog
 18436 | Lair:4   | Found a staircase to the Shoals.
 18988 | Lair:4   | Noticed a four-headed hydra
 19000 | Lair:4   | Killed a four-headed hydra
 19000 | Lair:4   | Reached skill level 10 in Axes
 19195 | Lair:4   | Noticed a four-headed hydra
 19203 | Lair:4   | Killed a four-headed hydra
 19393 | Lair:5   | Reached skill level 10 in Armour
 19428 | Lair:5   | Gained mutation: You may emit foul miasma when damaged in melee. [demonic ancestry]
 19428 | Lair:5   | Reached XP level 13. HP: 100/105 MP: 13/13
 19453 | Lair:5   | Found a staircase to the Slime Pits.
 20260 | Lair:6   | Entered Level 6 of the Lair of Beasts
 20593 | Lair:6   | Reached skill level 11 in Fighting
 20625 | Lair:6   | Reached skill level 10 in Shields
 21652 | Lair:6   | Received a gift from Trog
 23118 | Lair:6   | Gained mutation: You have a pair of horns on your head. [demonic ancestry]
 23118 | Lair:6   | Reached XP level 14. HP: 104/114 MP: 14/14
 23474 | Lair:6   | Reached skill level 12 in Fighting
 23575 | Lair:6   | Found a runed door.
 23612 | Lair:6   | Received a gift from Trog
 25711 | D:11     | Found a blossoming altar of Fedhas.
 25831 | D:11     | Received a gift from Trog
 26190 | D:11     | Found a roughly hewn altar of Beogh.
 26195 | D:11     | Found a staircase to the Orcish Mines.
 26287 | Orc:1    | Entered Level 1 of the Orcish Mines
 26442 | Orc:1    | Noticed Harold
 26447 | Orc:1    | Killed Harold
 26455 | Orc:1    | Received a gift from Trog
 26461 | Orc:1    | Found a roughly hewn altar of Beogh.
 26566 | Orc:2    | Entered Level 2 of the Orcish Mines
 26745 | Orc:2    | Found a staircase to the Elven Halls.
 26916 | Orc:2    | Found Eqeil's Armour Emporium.
 27083 | Orc:2    | Noticed Josephine
 27100 | Orc:2    | Killed Josephine
 27186 | Orc:2    | Found Siuwk's Jewellery Shop.
 27199 | Orc:2    | Found Kaadol's General Store.
 27236 | Orc:2    | Found Jekybuumn's Armour Shoppe.
 27279 | Orc:2    | Found Offiwod's Food Emporium.
 27371 | Orc:2    | Bought an uncursed amulet of guardian spirit for 390 gold pieces
 27914 | D:12     | Received a gift from Trog
 28282 | D:12     | Reached XP level 15. HP: 106/122 MP: 12/15
 28536 | D:12     | Noticed Maurice
 28565 | D:12     | Killed Maurice
 28863 | D:13     | Noticed Urug
 28885 | D:13     | Killed Urug
 29224 | D:13     | Noticed Rupert
 29234 | D:13     | Killed Rupert
 29235 | D:13     | Received a gift from Trog
 29701 | D:13     | Reached skill level 13 in Fighting
 29882 | D:13     | Received a gift from Trog
 30043 | D:13     | Found a gate to the Vaults.
 31008 | D:14     | Received a gift from Trog
 31099 | D:14     | Noticed Agnes
 31108 | D:14     | Killed Agnes
 31725 | D:14     | HP: 6/124 [cyan ugly thing (13)]
 31733 | D:14     | HP: 2/124 [cyan ugly thing (17)]
 31752 | D:13     | Noticed Nessos
 31759 | D:13     | HP: 4/124 [Nessos/uncursed war axe (5)]
 31770 | D:13     | HP: 5/124 [Nessos/arrow (2)]
 31774 | D:13     | HP: 2/124 [Nessos/arrow (3)]
 31780 | D:13     | HP: 3/124 [poisoned by Nessos]
 31780 | D:13     | Slain by Nessos

Skill      XL: |  1  2  3  4  5  6  7  8  9 10 11 12 13 14 15 |
---------------+----------------------------------------------+-----
Dodging        | 2 3 |  3.0
Armour         | 2 3 4 5 6 7 8 10 11 12 | 12.4
Axes           | 3 4 5 6 8 9 10 11 12 | 12.7
Fighting       | 4 5 6 7 8 9 10 11 12 13 | 13.3
Shields        | 1 3 4 5 7 8 9 10 11 12 | 12.4
Throwing       | 1 2 3 4 5 6 7 8 |  8.8

Action                   |  1- 3 |  4- 6 |  7- 9 | 10-12 | 13-15 || total
-------------------------+-------+-------+-------+-------+-------++-------
Melee: Hand axe          |   113 |   355 |   444 |   613 |  1209 ||  2734
       Headbutt          |       |    15 |    97 |   241 |   503 ||   856
       Broad axe         |       |       |       |   177 |   448 ||   625
Throw: Javelin           |       |    13 |    22 |    18 |    39 ||    92
       Tomahawk          |       |    11 |     2 |       |       ||    13
Invok: Trog's Hand       |       |     1 |     3 |     3 |    13 ||    20
       Berserk           |       |       |     3 |     3 |     2 ||     8
       Brothers in Arms  |       |       |       |       |     4 ||     4
Evoke: Wand              |       |       |       |    11 |       ||    11
  Use: Scroll            |       |       |    24 |    13 |    15 ||    52
       Potion            |       |       |     1 |     4 |     3 ||     8
 Stab: Sleeping          |     1 |       |       |       |       ||     1
  Eat: Chunk             |       |    10 |    13 |    19 |    41 ||    83
       Pizza             |       |     1 |       |       |       ||     1
       Meat ration       |       |       |     1 |     1 |       ||     2
       Fruit             |       |       |       |    14 |       ||    14
       Beef jerky        |       |       |       |     1 |     2 ||     3
       Royal jelly       |       |       |       |       |     3 ||     3
Armor: Animal skin       |    10 |     2 |       |       |       ||    12
       Ring mail         |       |    57 |       |       |       ||    57
       Scale mail        |       |    56 |   101 |       |       ||   157
       Plate armour      |       |       |    93 |   424 |   752 ||  1269
Dodge: Dodged            |    77 |   174 |   146 |   160 |   401 ||   958
Block: Buckler           |       |       |    45 |   189 |   400 ||   634
